AoeStats
← Manco Cápac

Golden Pit

509941225Analyzed
1v1 RM · 2d ago on Sep 28, 2026· 42m 42s· 2 players
Game mode
Random Map
Map size
Tiny (2 player)
Population
200
Speed
Normal
Resources
Standard
Victory
Conquest
Starting age
Dark Age
Ending age
Imperial Age
RankedLock teamsTeams togetherTeam positionsShared explorationLock speedFull tech treeHidden civsTurbo modeCheats
Victory
Defeat
🇺🇸 Magyars · United States
860
+16
🇦🇹 Khmer · Austria
866
-16
yzzgeorge
8:49 Loom
12:02 Feudal Age
13:30 Double-Bit Axe
21:38 Castle Age
24:50 Bloodlines
25:52 Bow Saw
29:22 Husbandry
35:15 Fletching
38:38 Imperial Age
37:04 Scale Barding Armor
Manco Cápac
11:17 Feudal Age
11:46 Double-Bit Axe
11:44 Horse Collar
13:26 Wheelbarrow
13:57 Bloodlines
15:22 Loom
25:19 Castle Age
24:10 Scale Barding Armor
25:03 Forging
26:06 Elite Skirmisher
26:10 Light Cavalry
28:37 Heavy Plow
28:51 Bow Saw
29:07 Chain Barding Armor
29:23 Iron Casting
31:03 Pikeman
34:31 Imperial Age
36:09 Crop Rotation
Connection lost

Rejoining the realm…

Still unreachable

The connection could not be restored.

Session expired

The server has moved on; the page needs a fresh start.